Map: Аура смерти РВ

Players

AqueroN

  • Race: Terran Terran
  • League: Grandmaster
  • Spawn Location: 5:00

Hawk - Winner!

  • Race: Protoss Protoss
  • League: Grandmaster
  • Spawn Location: 11:00

VOD

Have the link to the VOD?

Description

Time

  • Played on: Feb. 19, 2021, 9:43 a.m.
  • Length: 11:00
Show
View Real Time Build Order
Export as new Build Order

AqueroN Terran 

Build Orders: Reaper Expand 

Get SALT Encoding   

  12  0:00  SCV  
  13  0:12  SCV  
  14  0:17  Supply Depot  
  14  0:24  SCV  
  15  0:39  SCV  
  15  0:40  Barracks  
  16  0:43  Refinery  
  16  0:51  SCV  
  17  1:03  SCV  
  18  1:15  SCV  
  19  1:28  Orbital Command  
  19  1:29  Reaper  
  20  1:41  Command Center  
  20  1:47  Supply Depot  
  20  1:55  SCV  
  21  2:04  Bunker  
  21  2:05  Reaper  
  21  2:07  SCV  
  23  2:14  Barracks  
  23  2:19  SCV  
  24  2:27  Barracks  
  24  2:31  SCV  
  24  2:37  Barracks Reactor  
  24  2:43  SCV  
  25  2:54  Orbital Command  
  25  2:55  SCV  
  26  2:59  Orbital Command  
  26  3:04  Barracks Tech Lab  
  26  3:07  SCV  
  26  3:10  Bunker  
  27  3:15  Marine  
  27  3:16  Marine  
  27  3:17  Barracks Tech Lab  
  27  3:19  SCV  
  30  3:21  Refinery  
  30  3:23  Stimpack  
  30  3:24  Marine  
  30  3:29  SCV  
  30  3:31  SCV  
  30  3:33  Marine x2  
  33  3:36  Combat Shield  
  33  3:37  Marine  
  34  3:41  SCV  
  34  3:43  SCV  
  34  3:44  Marine  
  37  3:50  Supply Depot  
  37  3:51  Marine x2  
  37  3:53  SCV  
  37  3:55  SCV, Marine  
  41  4:01  Factory  
  41  4:02  Marine  
  43  4:05  SCV  
  43  4:06  Supply Depot  
  43  4:08  SCV  
  43  4:09  Marine  
  46  4:11  Marine  
  46  4:16  Marauder  
  49  4:20  SCV  
  46  4:25  Orbital Command  
  46  4:30  Marine x2  
  45  4:32  SCV  
  45  4:35  Marauder  
  48  4:45  Marauder  
  50  4:48  Bunker  
  50  4:49  Marine  
  50  4:51  Marine  
  51  4:59  Refinery  
  51  5:02  Marauder  
  53  5:08  Supply Depot  
  53  5:21  Marauder  
  44  5:22  SCV x2  
  44  5:23  Marauder  
  42  5:31  Marine x2  
  43  5:40  Factory Reactor, Starport  
  43  5:42  Marauder  
  45  5:45  Marauder  
  45  5:48  Marine  
  45  5:49  Marine  
  49  6:03  Supply Depot, Marine  
  49  6:04  Concussive Shells  
  50  6:06  Marine x3  
  53  6:21  Marauder  
  53  6:23  Supply Depot  
  53  6:24  Marauder, Marine x2  
  59  6:28  Medivac  
  59  6:29  Orbital Command  
  61  6:33  Supply Depot  
  61  6:36  Medivac  
  63  6:42  Marine x3  
  63  6:45  Marine  
  67  6:51  Supply Depot, Orbital Command  
  67  7:00  Marauder, Marine x2  
  71  7:03  Medivac, Marauder  
  71  7:08  Engineering Bay  
  74  7:24  Marine  
  74  7:25  Marauder x2, Marine  
  80  7:31  Medivac  
  82  7:43  Marine x2  
  84  7:46  Marauder  
  84  7:47  Marauder  
  88  7:56  Command Center  
  88  8:00  SCV x2  
  90  8:05  Marine x2  
  90  8:08  Marauder x2  
  90  8:09  Supply Depot  
  90  8:12  SCV x2  
  98  8:14  Terran Infantry Weapons Level 1  
  98  8:18  Barracks  
  98  8:22  Supply Depot  
  98  8:24  Marine x2, SCV x2  
  94  8:36  Marauder x2, SCV x2  
  100  8:47  Marine x2  
  102  8:48  Medivac, SCV x2  
  102  8:53  Refinery  
  102  8:54  Bunker  
  106  8:55  Supply Depot  
  106  8:56  Barracks  
  106  9:00  SCV  
  106  9:01  Refinery, SCV  
  108  9:05  Marauder  
  90  9:14  SCV x2  
  90  9:15  Orbital Command  
  92  9:17  Barracks Tech Lab  
  92  9:22  Medivac x2  
  93  9:26  Marauder, Marine x3  
  93  9:28  SCV x2  
  100  9:33  Orbital Command  
  100  9:38  Marauder  
  102  9:41  SCV  
  102  9:42  SCV  
  102  9:44  Marine x2  
  102  9:45  Barracks Reactor, Marauder  
  108  9:53  Medivac  
  108  9:54  SCV x2  
  108  9:58  Marauder  
  108  9:59  Marauder  
  89  10:17  Marauder  
  89  10:19  SCV x2  
  89  10:20  Marauder  
  89  10:21  Marauder  
  86  10:22  Medivac  
  86  10:23  Medivac  
  68  10:37  Marine x3  
  68  10:38  Marauder  
Show
View Real Time Build Order
Export as new Build Order

Hawk Protoss - Winner!

Build Orders: 1 Gate Expand 

Get SALT Encoding   

  12  0:00  Probe  
  13  0:12  Probe  
  14  0:17  Pylon  
  14  0:24  Probe (Chrono Boost)  
  16  0:36  Gateway, Probe (Chrono Boost)  
  16  0:42  Probe (Chrono Boost)  
  16  0:45  Assimilator  
  17  0:51  Probe  
  18  1:03  Probe  
  19  1:17  Nexus  
  19  1:27  Cybernetics Core  
  19  1:31  Probe  
  20  1:36  Assimilator  
  20  1:45  Pylon  
  20  1:46  Probe  
  21  1:58  Probe  
  21  1:59  Warp Gate (Chrono Boost)  
  21  2:01  Stalker (Chrono Boost)  
  24  2:12  Probe  
  25  2:18  Pylon  
  25  2:23  Stalker  
  25  2:24  Probe  
  28  2:36  Probe x2  
  30  2:45  Gateway  
  30  2:47  Gateway  
  30  2:53  Stalker  
  30  2:56  Probe  
  33  3:00  Probe  
  34  3:17  Probe  
  35  3:20  Probe  
  35  3:21  Shield Battery  
  36  3:31  Probe  
  36  3:32  Probe  
  38  3:37  Pylon  
  38  3:42  Stalker x3  
  38  3:44  Probe  
  38  3:45  Probe  
  46  3:49  Twilight Council  
  46  3:59  Probe  
  46  4:00  Probe  
  48  4:05  Stalker  
  48  4:06  Stalker x2  
  54  4:10  Pylon  
  54  4:12  Probe  
  53  4:29  Stalker x2  
  53  4:30  Stalker  
  59  4:33  Probe  
  59  4:34  Probe  
  61  4:44  Blink (Chrono Boost)  
  61  4:46  Probe x2  
  61  4:48  Assimilator  
  61  4:51  Assimilator  
  63  4:55  Sentry  
  63  4:58  Probe  
  66  5:00  Probe  
  66  5:02  Nexus  
  66  5:04  Pylon  
  67  5:20  Stalker x2  
  67  5:21  Stalker  
  65  5:28  Probe  
  60  5:35  Probe  
  61  5:40  Robotics Facility, Probe  
  62  5:46  Pylon  
  62  5:48  Probe  
  63  5:52  Probe  
  63  5:53  Stalker x3  
  70  6:00  Probe  
  71  6:04  Probe  
  72  6:12  Probe  
  72  6:16  Pylon, Probe x2  
  72  6:17  Stalker  
  72  6:18  Stalker x2  
  81  6:21  Pylon  
  81  6:24  Probe  
  82  6:28  Observer (Chrono Boost), Probe x2  
  82  6:29  Pylon  
  82  6:31  Robotics Bay  
  85  6:34  Charge (Chrono Boost)  
  85  6:36  Probe  
  86  6:40  Probe x2, Assimilator  
  86  6:42  Observer (Chrono Boost), Assimilator  
  89  6:48  Probe  
  89  6:52  Probe x2  
  92  6:55  Stalker x3  
  92  6:57  Pylon  
  92  7:01  Probe  
  99  7:04  Probe  
  101  7:08  Observer  
  97  7:26  Colossus (Chrono Boost)  
  97  7:31  Sentry x2  
  97  7:36  Gateway  
  106  7:37  Gateway  
  106  7:39  Gateway  
  106  7:40  Extended Thermal Lance  
  106  7:44  Gateway, Probe x2  
  107  7:45  Pylon, Gateway  
  107  7:47  Shield Battery  
  107  7:48  Gateway x2  
  107  7:51  Pylon, Shield Battery  
  108  7:53  Pylon  
  108  7:55  Pylon  
  108  8:00  Pylon  
  108  8:02  Pylon, Shield Battery  
  108  8:05  Colossus (Chrono Boost)  
  114  8:13  Zealot x3  
  120  8:32  Zealot  
  120  8:33  Zealot x2  
  120  8:34  Zealot x2  
  126  8:40  Zealot x3  
  132  8:45  Observer (Chrono Boost), Nexus  
  133  8:59  Colossus (Chrono Boost)  
  133  9:00  Zealot x4  
  145  9:19  Zealot x3  
  145  9:20  Zealot x6  
  161  9:35  Probe x3  
  164  9:40  Forge  
  164  9:42  Forge  
  164  9:45  Colossus (Chrono Boost)  
  164  9:47  Probe x2  
  170  10:09  Zealot x10  
  170  10:11  Probe x2  
  148  10:29  Probe x2  
  148  10:32  Assimilator  
  148  10:34  Probe  
  137  10:36  Assimilator  
  137  10:40  Templar Archives  
  137  10:42  Pylon  
  127  10:48  Zealot x6  
  127  10:49  Zealot x4  
Tags
 
Add a new tag
Caveats
  • Supply blocks, unpowered buildings, or Contaminate may cause inaccurate times.
  • Supply counts are checked every 10 seconds.